 Dungeon Crawl Stone Soup version 0.17-a0-1105-gbe8b664 (webtiles) character file.

401 onwiheg the Cudgeler (level 6, -3/37 HPs)
             Began as a Gargoyle Berserker on May 21, 2015.
             Was a Priest of Trog.
             Slain by a gnoll
             ... wielding a +0 halberd
              (12 damage)
             ... on level 4 of the Dungeon.
             The game lasted 00:09:38 (3055 turns).

onwiheg the Cudgeler (Gargoyle Berserker)           Turns: 3055, Time: 00:09:38

Health: -3/37      AC:  7    Str: 22    XL:     6   Next: 85%
Magic:  6/6        EV: 12    Int:  8    God:    Trog [***...]
Gold:   168        SH:  0    Dex:  9    Spells: 0 memorised, 5 levels left

rFire  . . .     SeeInvis .     y - +1 quarterstaff (drain)
rCold  . . .     Clarity  .     b - +0 animal skin
rNeg   + . .     SustAb   .     (no shield)
rPois  ∞         Gourm    .     m - +0 helmet
rElec  +         Spirit   .     (no cloak)
rCorr  .         Warding  .     (no gloves)
rMut   .         Stasis   .     (no boots)
MR     .....                    (no amulet)
Stlth  +.........               (no ring)
                                (no ring)

@: exhausted, slowed, very slow, not resistant to hostile enchantments, very
unstealthy
A: negative energy resistance 1, electricity resistance, unbreathing,
petrification resistance, rot immunity, AC +4
a: Burn Spellbooks, Berserk, Trog's Hand, Renounce Religion


You were on level 4 of the Dungeon.
You worshipped Trog.
Trog was most pleased with you.
You were near starving.

You visited 1 branch of the dungeon, and saw 4 of its levels.

You collected 168 gold pieces.

Inventory:

Hand weapons
 a - a +0 mace
 x - a +0 flail
 y - a +1 quarterstaff of draining (weapon)
Armour
 b - a +0 animal skin (worn)
 m - a +0 helmet (worn)
Magical devices
 A - a wand of frost (19)
Scrolls
 d - 5 scrolls of identify {unknown}
 e - 2 scrolls of fear {unknown}
 f - 4 scrolls of remove curse {unknown}
 i - a scroll of random uselessness {unknown}
 k - a scroll of blinking {unknown}
 o - a scroll of noise {unknown}
 r - 2 scrolls of immolation {unknown}
 s - a scroll of magic mapping {unknown}
Potions
 g - a potion of flight {unknown}
 j - a potion of cure mutation {unknown}
 n - 4 potions of agility {unknown}
 p - 2 potions of haste {unknown}
 q - a potion of might {unknown}
 t - a potion of curing {unknown}
 u - a potion of brilliance {unknown}
Books
 w - a book of Spatial Translocations

   Spells                             Type                      Level
   a - Apportation                    Translocation                1
   b - Blink                          Translocation                2
   c - Shroud of Golubria             Charms/Translocation         2
   d - Portal Projectile              Translocation                3
   e - Teleport Other                 Translocation                3
   f - Passage of Golubria            Translocation                4
   Trog disapproves of the use of such an item.
Comestibles
 c - 3 bread rations
 h - 4 beef jerkies
 l - 2 fruits
 v - a meat ration


   Skills:
 - Level 3.2 Fighting
 + Level 7.5 Maces & Flails
 - Level 2.1 Armour
 - Level 1.5 Dodging


You had 5 spell levels left.
You didn't know any spells.

Dungeon Overview and Level Annotations

Branches:
Dungeon (4/15)
 Temple: D:4-7

Altars:
Makhleb


Innate Abilities, Weirdness & Mutations

You are resistant to torment.
Your stone body is resilient (AC +4).
You are immune to poison.
You resist negative energy.
You are resistant to electric shocks.
You can survive without breathing.
You are immune to petrification.
You are immune to rotting.


Message History

a whip x2 a gnoll corpse x2
You closely miss the gnoll.
The gnoll is severely wounded.
The gnoll hits you with a halberd.
* * * LOW HITPOINT WARNING * * *
The gnoll hits you with a club.
* * * LOW HITPOINT WARNING * * *
You barely miss the gnoll.
The gnoll is severely wounded.
You are no longer berserk.
You are exhausted.
You feel yourself slow down.
You are near starving!
You sock the gnoll!
You kill the gnoll!
Trog accepts your kill. The gnoll barely misses you.
You hit the gnoll but do no damage. The gnoll hits you with a halberd!
You die...

## ## .# ≈ ≈≈##.## ≈
#≈ ...## ≈###≈#≈ ....
≈≈≈≈≈#≈ ... ≈≈≈≈≈ #.#
..###.)##.####.#
$.....g@.......#
.####.###.###### # #.#
#.# #.# #.# #.# ###
#.#
##.######.############


You could see a gnoll.

Vanquished Creatures
  An ogre (D:4)
  A crimson imp (D:4)
  A worker ant (D:4)
  Ijyb (D:2)
  A giant frog skeleton (D:4)
  Robin (D:2)
  3 gnolls (D:4)
  5 adders
  2 oozes (D:2)
  An adder skeleton (D:4)
  4 orcs
  2 ball pythons
  A bat skeleton (D:4)
  4 giant cockroaches
  8 hobgoblins
  11 kobolds
  2 quokkas
  6 bats
  3 giant geckos
  2 giant newts
  18 goblins
  11 jackals
  15 rats
104 creatures vanquished.

Notes
Turn   | Place    | Note
--------------------------------------------------------------
     0 | D:1      | onwiheg the Gargoyle Berserker began the quest for the Orb.
     0 | D:1      | Reached XP level 1. HP: 14/14 MP: 1/1
    72 | D:1      | Reached XP level 2. HP: 10/19 MP: 2/2
   400 | D:1      | Reached skill level 4 in Maces & Flails
   627 | D:2      | Found a burning altar of Makhleb.
   637 | D:2      | Noticed Robin
   639 | D:2      | Acquired Trog's second power
   639 | D:2      | Reached XP level 3. HP: 23/23 MP: 3/3
   662 | D:2      | Killed Robin
  1026 | D:2      | Reached XP level 4. HP: 20/28 MP: 4/4
  1065 | D:2      | Reached skill level 5 in Maces & Flails
  1174 | D:2      | Noticed Ijyb
  1188 | D:2      | Killed Ijyb
  1188 | D:2      | Reached XP level 5. HP: 29/32 MP: 5/5
  2248 | D:4      | Reached skill level 6 in Maces & Flails
  2404 | D:4      | Reached XP level 6. HP: 21/37 MP: 6/6
  2658 | D:4      | Noticed an ogre
  2714 | D:4      | Killed an ogre
  2714 | D:4      | Reached skill level 7 in Maces & Flails
  3055 | D:4      | Slain by a gnoll

Vault maps used:
D:1:      lightli_arrival_statue_moat
D:2:      old_standard_altar, first_bread, uniq_robin, uniq_iyjb
D:4:      minmay_crystal_water

Action                   |  1- 3 |  4- 6 || total
-------------------------+-------+-------++-------
Melee: Mace              |   104 |   234 ||   338
       Quarterstaff      |       |    24 ||    24
       Flail             |       |    17 ||    17
Invok: Berserk           |     1 |     2 ||     3
 Stab: Sleeping          |     1 |       ||     1
  Eat: Chunk             |     1 |     3 ||     4
       Meat ration       |       |     1 ||     1
